 Dungeon Crawl Stone Soup version 0.31-a0-185-g9dded2c639 (webtiles) character file.

Game seed: 11532278509979580812

116 qw the Skirmisher (level 4, -2/25 HPs)
             Began as a Deep Elf Hunter on June 22, 2023.
             Slain by an orc
             ... wielding a +0 mace
              (7 damage)
             ... on level 4 of the Dungeon.
             The game lasted 00:00:59 (2521 turns).

qw the Skirmisher (Deep Elf Hunter)                 Turns: 2521, Time: 00:00:59

Health: -2/25      AC:  0    Str: 10      XL:     4   Next: 70%
Magic:  6/6        EV: 20    Int: 14      God:
Gold:   285        SH:  0    Dex: 22 (23) Spells: 3/3 levels left

rFire   . . .        Y - melded +1 shortbow
rCold   . . .        (shield currently unavailable)
rNeg    . . .        g - melded +0 ring mail
rPois   .            (helmet currently unavailable)
rElec   .            d - melded +0 cloak
rCorr   .            (gloves currently unavailable)
SInv    .            (boots currently unavailable)
Will    .....        (no amulet)
Stlth   ++           i - melded +6 ring of dexterity
HPRegen 0.24/turn    h - melded +6 ring of strength
MPRegen 0.10/turn

%: no passive effects
@: bat-form (expiring), flying, very quick
A: fast, flying, no casting, tiny
a: no special abilities


You were on level 4 of the Dungeon.
You were a bat.
You visited 1 branch of the dungeon, and saw 4 of its levels.

You collected 285 gold pieces.


   Skills:
 - Level 1.5 Fighting
 + Level 8.0 Ranged Weapons
 - Level 2.6 Dodging
 - Level 1.2 Stealth


You had 3 spell levels left.
You didn't know any spells.
Your spell library was empty.

Inventory:

Hand Weapons
 Y - a +1 shortbow (melded)
Armour
 d - a +0 cloak (melded)
 g - a +0 ring mail (melded)
Jewellery
 h - a +6 ring of strength (melded)
 i - a +6 ring of dexterity (melded)
Scrolls
 e - a scroll of revelation {unknown}
Potions
 a - a potion of haste {unknown}
 b - a potion of ambrosia {unknown}
 c - 2 potions of curing {unknown}
 f - a potion of brilliance {unknown}

Dungeon Overview and Level Annotations

Branches:
Dungeon (4/15)
 Temple: D:4-7

Altars:

Annotations:
D:3 3 runed translucent doors, qw's ghost, amateur GrFi


Message History

You hit the orc wizard but do no damage.
The orc wizard is almost dead.
The orc wizard misses you. The orc barely misses you.
You hit the orc wizard but do no damage.
The orc wizard is almost dead.
The orc wizard hits you with a +0 dagger.
The orc barely misses you.
You hit the orc wizard but do no damage.
The orc wizard is almost dead.
The orc wizard completely misses you. The orc barely misses you.
You barely miss the orc wizard.
The orc wizard is almost dead.
The orc wizard misses you. The orc completely misses you.
You hit the orc wizard but do no damage.
The orc wizard is almost dead.
You closely miss the orc wizard.
The orc wizard is almost dead.
The orc completely misses you. The orc wizard closely misses you.
You hit the orc wizard but do no damage.
The orc wizard is almost dead.
The orc misses you.
The orc wizard hits you with a +0 dagger.
You barely miss the orc wizard.
The orc wizard is almost dead.
The orc closely misses you. The orc wizard barely misses you.
You barely miss the orc wizard.
The orc wizard is almost dead.
Your transformation is almost over.
The orc hits you with a +0 mace. The orc wizard closely misses you.
You hit the orc wizard but do no damage.
The orc wizard is almost dead.
The orc closely misses you.
The orc wizard hits you with a +0 dagger.
You hit the orc wizard but do no damage.
The orc wizard is almost dead.
The orc wizard completely misses you. The orc misses you.
You barely miss the orc wizard.
The orc wizard is almost dead.
The orc wizard misses you. The orc hits you with a +0 mace!
You die...

#####.### #. . #.#
#.###. #... #..#.#
#...# o.... #...# ...#
# #...#
#..#.#######...####
#..#.##............ .
#.b.# ...........# o..
#oo#.# ........)...
..o..###..# #
##.#..%#.## ##
...o.o....# #.#!..#.##
.# ########.##
#.#...#.# .# #..#
#<#...#.## .##
##.#######.........
..#
#.......##.......##
#.#
#####..####.........##


You could see an orc wizard and 2 orcs.

Vanquished Creatures
  Ijyb (D:3)
  3 adders
  An orc (D:4)
  5 ball pythons
  8 bats
  3 endoplasms
  2 giant cockroaches
  3 goblins
  5 hobgoblins
  7 quokkas
  4 frilled lizards
  12 kobolds
  6 rats
60 creatures vanquished.

Notes
Turn   | Place    | Note
-------+----------+-------------------------------------------
     0 | D:1      | qw the Deep Elf Hunter began the quest for the Orb.
     0 | D:1      | Reached XP level 1. HP: 12/12 MP: 3/3
     0 | D:1      | 0 ||| qw: Version: 0.3-a-9-g12657ce
     0 | D:1      | 0 ||| qw: Game counter: 1906
     0 | D:1      | 0 ||| qw: Always use a shield: true
     0 | D:1      | 0 ||| qw: God list: Okawaru
     0 | D:1      | 0 ||| qw: Allow faded altars: false
     0 | D:1      | 0 ||| qw: Do Orc after D:15 true
     0 | D:1      | 0 ||| qw: Do second Lair branch before Depths: true
     0 | D:1      | 0 ||| qw: Lair rune preference: random
     0 | D:1      | 0 ||| qw: Plans: Normal
     0 | D:1      | 0 ||| PLANNING D:1-11
    30 | D:1      | HP: 3/12 [constriction (1)]
    32 | D:1      | HP: 1/12 [ball python (1)]
   197 | D:1      | Reached skill level 6 in Ranged Weapons
   197 | D:1      | Reached XP level 2. HP: 16/16 MP: 4/4
   601 | D:1      | Reached XP level 3. HP: 20/20 MP: 5/5
  1057 | D:1      | 1057 ||| UPGRADING to +0 cloak.
  1062 | D:1      | 1062 ||| UPGRADING to +0 ring mail.
  1072 | D:1      | 1072 ||| DROPPING +0 leather armour.
  1073 | D:1      | 1073 ||| UPGRADING to +6 ring of dexterity.
  1074 | D:1      | 1074 ||| READING scroll labelled OTEOHA EPINOOROMUU.
  1075 | D:1      | 1075 ||| READING scroll labelled PONIBB BO MOLA.
  1076 | D:1      | 1076 ||| DRINKING 2 murky brown potions.
  1077 | D:1      | 1077 ||| DROPPING scroll of butterflies.
  1078 | D:1      | 1078 ||| DROPPING potion of degeneration.
  1388 | D:2      | HP: 5/20 [poisoned by an adder]
  1394 | D:2      | HP: 2/20 [adder (2)]
  1396 | D:2      | Reached skill level 7 in Ranged Weapons
  1827 | D:2      | 1827 ||| READING scroll labelled ALE LIMOLELE.
  1828 | D:2      | 1828 ||| READING scroll labelled DAQITO VIUT.
  1833 | D:2      | 1833 ||| READING scroll labelled AXTIWO UNTIMIUH.
  1834 | D:2      | 1834 ||| READING scroll labelled HUPPUL VEITENIR.
  1835 | D:2      | 1835 ||| DRINKING 2 viscous green potions.
  1836 | D:2      | 1836 ||| DROPPING potion of magic.
  1904 | D:3      | Reached XP level 4. HP: 25/25 MP: 6/6
  1946 | D:3      | Noticed Ijyb
  1954 | D:3      | Killed Ijyb
  2058 | D:3      | Found a runed translucent gate.
  2058 | D:3      | Found a runed translucent gate.
  2058 | D:3      | Found a runed translucent gate.
  2059 | D:3      | Noticed qw's ghost (amateur GrFi)
  2059 | D:3      | Noticed a kobold brigand
  2089 | D:3      | Reached skill level 8 in Ranged Weapons
  2232 | D:3      | Found a faded altar of an unknown god.
  2329 | D:3      | 2329 ||| UPGRADING to +6 ring of strength.
  2330 | D:3      | 2330 ||| READING scroll labelled JIZIRRO ALIMUWIKO.
  2492 | D:4      | 2492 ||| Stepping ~*~*~tactically~*~*~ (outnumbered).
  2495 | D:4      | 2495 ||| Stepping ~*~*~tactically~*~*~ (outnumbered).
  2518 | D:4      | HP: 5/25 [orc/+0 mace (5)]
  2521 | D:4      | Slain by an orc

Levels and vault maps discovered:
D:1:      dpeg_arrival_oval, layout_loops_corners, patterned_corridor
D:2:      layout_basic
D:3:      layout_rooms, shapermc_ecumenical_altar_venn,
          gammafunk_ghost_nasty_kobolds, uniq_ijyb
D:4:      layout_loops_cross, gammafunk_temple_overflow_wave

Skill      XL: |  1  2  3  4 |
---------------+-------------+-----
Ranged Weapons | 6 7 8 |  8.0
Fighting       | |  1.5
Dodging        | |  2.6
Stealth        | |  1.2

Action                     |  1- 3 |  4- 6 || total
---------------------------+-------+-------++-------
  Melee: Unarmed           |       |    20 ||    20
   Fire: Shortbow          |   133 |    42 ||   175
    Use: Scroll            |     6 |     1 ||     7
         Potion            |     2 |       ||     2
 Armour: Leather armour    |     4 |       ||     4
         Ring mail         |    15 |     1 ||    16
  Dodge: Dodged            |    49 |    34 ||    83

Table legend:
 A = Non-vault XP
 B = Vault XP
 C = Vault XP percentage of total XP
 D = Non-vault monster count
 E = Vault monster count
 F = Vault count percentage of total count
                 A         B        C        D         E       F
            +---------+---------+-------+---------+---------+-------
      Total |     131 |      36 |  21.6 |      59 |       1 |   1.7
            +---------+---------+-------+---------+---------+-------
        D:1 |      44 |       0 |   0.0 |      28 |       0 |   0.0
        D:2 |      48 |       0 |   0.0 |      15 |       0 |   0.0
        D:3 |      29 |      36 |  55.4 |      11 |       1 |   8.3
        D:4 |      10 |       0 |   0.0 |       5 |       0 |   0.0
            +---------+---------+-------+---------+---------+-------
